 Dungeon Crawl Stone Soup version 0.28.0-53-g5a82cb258f (webtiles) character file.

Game seed: 2168160857062517507

263 SanguineChosen the Covered (level 6, -1/38 HPs)
             Began as a Gargoyle Fighter on July 15, 2022.
             Slain by a hornet (7 damage)
             ... on level 3 of the Dungeon.
             The game lasted 00:13:04 (3454 turns).

SanguineChosen the Covered (Gargoyle Fighter)       Turns: 3454, Time: 00:13:06

Health: -1/38      AC: 11    Str: 21    XL:     6   Next: 19%
Magic:  6/6        EV:  9    Int:  9    God:
Gold:   166        SH:  4    Dex:  9    Spells: 5/5 levels left

rFire   . . .      SeeInvis .   a - +0 flail
rCold   . . .      Faith    .   c - +0 buckler
rNeg    + . .      Spirit   .   b - +0 scale mail
rPois   ∞          Reflect  .   (no helmet)
rElec   +          Harm     .   (no cloak)
rCorr   .          Rampage  .   (no gloves)
Will    .....                   (no boots)
Stlth   ..........              (no amulet)
HPRegen 0.12/turn               (no ring)
MPRegen 0.10/turn               (no ring)

@: hasted, very quick
A: sickness immunity, AC +4, negative energy resistance 1, electricity
resistance, torment resistance 1, petrification resistance
a: no special abilities


You were on level 3 of the Dungeon.
You visited 1 branch of the dungeon, and saw 4 of its levels.

You collected 166 gold pieces.

Inventory:

Hand Weapons
 a - a +0 flail (weapon)
Armour
 b - a +0 scale mail (worn)
 c - a +0 buckler (worn)
 m - a +0 tower shield
Wands
 l - a wand of mindburst (9)
Scrolls
 d - a scroll of amnesia {unknown}
 f - 2 scrolls of enchant weapon
 g - a scroll of noise {unknown}
 k - a scroll of acquirement {unknown}
Potions
 e - a potion of cancellation
 h - a potion of haste
 i - a potion of mutation


   Skills:
 + Level 4.0 Fighting
 + Level 4.1 Maces & Flails
 + Level 4.7 Armour
 - Level 0.6 Dodging
 + Level 0.4 Stealth
 + Level 4.2 Shields
 + Level 0.1 Evocations


You had 5 spell levels left.
You didn't know any spells.
Your spell library contained the following spells:

 Spells                   Type           Power      Damage    Failure   Level
 Animate Skeleton         Necr           0%         N/A       80%         1
 Apportation              Tloc           0%         N/A       80%         1
 Summon Small Mammal      Summ           0%         N/A       80%         1
 Inner Flame              Hex/Fire       0%         N/A       99%         3
 Cause Fear               Hex            0%         N/A       100%        4
 Discord                  Hex            0%         N/A       100%        8


Dungeon Overview and Level Annotations

Branches:
Dungeon (4/15)
 Temple: D:4-7

Altars:


Innate Abilities, Weirdness & Mutations

You are immune to sickness and miasma.
Your stone body is resilient. (AC +4)
You are immune to poison.
You resist negative energy. (rN+)
You are resistant to electric shocks. (rElec)
You are resistant to unholy torment.
You are immune to petrification.


Message History

A hornet comes into view.
The hornet buzzes angrily.
The hornet stings you.
You miss the hornet. The hornet stings you!
The hornet stings you but does no damage.
You closely miss the hornet. The hornet stings you!
The hornet stings you but does no damage.
You feel yourself speed up. The hornet barely misses you.
The hornet closely misses you.
You closely miss the hornet.
The hornet stings you but does no damage.
You barely miss the hornet.
The hornet stings you but does no damage.
You barely miss the hornet. You block the hornet's attack.
You closely miss the hornet. The hornet stings you.
You hit the hornet.
The hornet is lightly wounded.
The hornet misses you. The hornet stings you.
* * * LOW HITPOINT WARNING * * *
There is an open door here.
The hornet stings you but does no damage.
There is an open door here.
Items here: ))) [[ ††.
Things that are here:
a +0 leather armour; a +0 dagger of venom
There is a stone staircase leading up here.
The hornet misses you.
You climb upwards.
There is a stone staircase leading down here.
The hornet stings you.
* * * LOW HITPOINT WARNING * * *
It was a potion of curing.
You feel better. The hornet stings you.
You feel better. The hornet stings you!
* * * LOW HITPOINT WARNING * * *
Aiming: Mindburst
Press: ? - help, Q - select action Shift-Dir - straight line, f - hornet
Aim: a hornet (chance to affect: 55%)
The hornet's mind is blasted!!
The hornet stings you!
You die...

....÷.........##.................
.#####......[.##..........##.....
..## #........##.................
...###........###....#....##.....
##..[[.........).......#####.....
#####........##.....### #.....
#.)>.....#.....########.....
#..........y.............##.
#..........@............####
###.##^.##..............#
#.#..###..............#
##.....................#
###.......<)...<.........##
#.........#...............#
###........#...............#
#........#.......#.######..###
#...########.......# #....#


You could see a hornet.

Vanquished Creatures
  3 orc priests
  A jelly (D:3)
  An orc wizard (D:3)
  Robin (D:2)
  4 adders
  A worm (D:2)
  5 orcs
  5 endoplasms
  2 giant cockroaches
  13 goblins
  4 hobgoblins
  4 jackals (D:3)
  5 ball pythons
  11 bats
  4 kobolds
  6 rats
70 creatures vanquished.

Notes
Turn   | Place    | Note
-------+----------+-------------------------------------------
     0 | D:1      | SanguineChosen the Gargoyle Fighter began the quest for the
                  | Orb.
     0 | D:1      | Reached XP level 1. HP: 14/14 MP: 1/1
   292 | D:1      | Reached XP level 2. HP: 19/19 MP: 2/2
   593 | D:2      | Reached XP level 3. HP: 20/24 MP: 3/3
   747 | D:2      | Noticed Robin
   754 | D:2      | Killed Robin
  1063 | D:2      | Found a faded altar of an unknown god.
  1071 | D:2      | Reached XP level 4. HP: 29/29 MP: 4/4
  2247 | D:3      | Reached XP level 5. HP: 15/33 MP: 5/5
  3230 | D:4      | Reached XP level 6. HP: 28/38 MP: 6/6
  3417 | D:4      | Noticed a hornet
  3454 | D:3      | Slain by a hornet

Illustrated notes

Levels and vault maps discovered:
D:1:      saegor_arrival_simple_d, layout_basic
D:2:      minmay_spotlight, layout_rooms, ebering_ecumenical_altar_mist,
          uniq_robin
D:3:      layout_rooms
D:4:      layout_loops_corners, nicolae_elemental_shop, kennysheep_diamond

Skill      XL: |  1  2  3  4  5  6 |
---------------+-------------------+-----
Armour         | 4 |  4.7
Maces & Flails | 3 4 |  4.1
Shields        | 4 |  4.2
Fighting       | 4 |  4.0
Dodging        | |  0.6
Stealth        | |  0.4
Evocations     | |  0.1

Action                   |  1- 3 |  4- 6 || total
-------------------------+-------+-------++-------
Melee: Flail             |    87 |   163 ||   250
Evoke: Wand              |     1 |     3 ||     4
  Use: Potion            |     1 |     3 ||     4
       Scroll            |       |     4 ||     4
Armor: Scale mail        |    52 |   122 ||   174
Dodge: Dodged            |    49 |    98 ||   147
Block: Buckler           |    25 |    46 ||    71
